AoeStats
← Port Moresby

Black Forest

509501856Analyzed
4v4 RM · 4d ago on Sep 27, 2026· 44m 19s· 8 players
Game mode
Random Map
Map size
Large (8 player)
Population
200
Speed
Normal
Resources
Standard
Victory
Conquest
Starting age
Dark Age
Ending age
Imperial Age
RankedLock teamsTeams togetherTeam positionsShared explorationLock speedFull tech treeHidden civsTurbo modeCheats
Victory
Defeat
🇲🇽 Mongols · Mexico
1183
+14
🇧🇷 Burmese · Brazil
1168
+15
🇺🇸 Persians · United States
1117
+17
🇧🇷 Khmer · Brazil
1097
+18
🇹🇼 Turks · Taiwan
1180
-17
🇯🇵 Celts · Japan
1161
-17
🇳🇿 Spanish · New Zealand
1148
-16
🇮🇳 Malay · India
1097
-14
ssindho
1:28 Loom
8:26 Loom
9:18 Loom
11:10 Feudal Age
10:49 Man-at-Arms
19:39 Castle Age
17:50 Double-Bit Axe
18:29 Horse Collar
20:22 Bow Saw
21:04 Fletching
25:05 Loom
31:51 Imperial Age
29:57 Padded Archer Armor
31:04 Leather Archer Armor
30:44 Bodkin Arrow
31:43 Bodkin Arrow
33:30 Ring Archer Armor
33:00 Bracer
41:03 Chemistry
41:17 Wheelbarrow
43:04 Hand Cart
lkm543
6:07 Loom
12:21 Feudal Age
13:43 Double-Bit Axe
16:55 Castle Age
14:38 Horse Collar
18:08 Bow Saw
26:22 Bloodlines
27:00 Wheelbarrow
27:00 Heavy Plow
28:10 Caravan
29:08 Gold Mining
29:11 Stone Mining
29:43 Hand Cart
30:05 Fletching
30:20 Scale Barding Armor
31:13 Bodkin Arrow
32:06 Gold Shaft Mining
31:56 Chain Barding Armor
31:48 Forging
34:57 Imperial Age
32:30 Town Watch
33:09 Ballistics
32:30 Treadmill Crane
33:00 Masonry
32:46 Murder Holes
34:10 Fortified Wall
35:38 Iron Casting
35:11 Padded Archer Armor
35:16 Town Patrol
35:51 Husbandry
37:42 Two-Man Saw
37:27 Conscription
37:08 Artillery
37:48 Bombard Tower
37:34 Bracer
38:10 Plate Barding Armor
38:37 Blast Furnace
37:38 Padded Archer Armor
38:10 Architecture
38:56 Coinage
38:23 Heavy Camel Rider
43:59 Hoardings
Port Moresby
11:02 Feudal Age
13:18 Wheelbarrow
12:25 Horse Collar
15:44 Castle Age
14:02 Double-Bit Axe
17:05 Bow Saw
17:21 Heavy Plow
17:43 Loom
19:34 Hand Cart
21:20 Town Watch
22:45 Gold Mining
24:20 Stone Mining
28:56 Imperial Age
28:11 Ballistics
29:07 Murder Holes
29:58 Gold Shaft Mining
29:21 Heavy Scorpion
30:13 Furor Celtica
30:20 Siege Engineers
32:41 Onager
40:38 Forging
40:28 Scale Mail Armor
40:19 Siege Onager
42:27 Iron Casting
captincrofty
1:05 Loom
11:40 Feudal Age
14:00 Horse Collar
20:12 Castle Age
18:56 Stone Mining
18:53 Double-Bit Axe
19:10 Gold Mining
22:44 Stone Shaft Mining
22:20 Bow Saw
22:12 Heavy Plow
27:15 Scale Barding Armor
28:41 Wheelbarrow
28:38 Chain Barding Armor
29:59 Hand Cart
33:11 Imperial Age
31:05 Fletching
33:10 Bodkin Arrow
35:07 Husbandry
35:18 Bloodlines
34:52 Onager
35:26 Elite Conquistador
36:42 Hoardings
36:28 Conscription
36:27 Bracer
36:35 Padded Archer Armor
38:24 Chemistry
39:20 Leather Archer Armor
39:38 Ballistics
39:30 Masonry
Megatron2002
0:27 Loom
12:21 Feudal Age
13:46 Double-Bit Axe
15:02 Wheelbarrow
18:42 Castle Age
16:44 Horse Collar
17:10 Gold Mining
17:13 Stone Mining
17:36 Gold Mining
19:57 Bow Saw
21:01 Fervor
23:17 Fletching
24:02 Bodkin Arrow
24:18 Husbandry
26:17 Padded Archer Armor
29:32 Ballistics
30:52 Gold Shaft Mining
30:46 Leather Archer Armor
30:43 Bloodlines
33:37 Imperial Age
32:22 Hand Cart
31:53 Town Watch
32:40 Thumb Ring
33:57 Heavy Plow
35:20 Chemistry
34:48 Conscription
34:48 Drill
33:50 Onager
34:34 Bracer
35:14 Parthian Tactics
35:11 Siege Engineers
35:32 Caravan
37:41 Siege Onager
38:22 Elite Mangudai
littlestewey
0:49 Loom
11:08 Feudal Age
18:33 Castle Age
16:29 Horse Collar
16:57 Double-Bit Axe
20:00 Bow Saw
21:11 Wheelbarrow
29:00 Heavy Plow
29:47 Bloodlines
30:42 Husbandry
31:15 Hand Cart
36:01 Imperial Age
33:29 Gold Mining
33:29 Stone Mining
35:13 Forging
35:08 Scale Barding Armor
35:49 Gold Shaft Mining
36:37 Iron Casting
35:54 Cavalier
37:50 Savar
42:26 Blast Furnace
41:46 Chain Barding Armor
jp.manhaes94
8:42 Loom
13:34 Feudal Age
17:16 Castle Age
15:03 Double-Bit Axe
15:00 Horse Collar
19:04 Bow Saw
18:56 Heavy Plow
25:40 Gold Mining
27:15 Wheelbarrow
29:40 Imperial Age
27:01 Town Watch
29:59 Hand Cart
29:44 Town Patrol
31:22 Chemistry
31:10 Heavy Scorpion
31:56 Double Crossbow
31:31 Pikeman
31:58 Arson
32:18 Scale Mail Armor
32:28 Forging
32:37 Siege Engineers
33:08 Ballistics
34:09 Chain Mail Armor
34:30 Iron Casting
33:20 Halberdier
34:28 Conscription
34:26 Caravan
36:26 Gold Shaft Mining
35:45 Stone Mining
36:42 Capped Ram
37:49 Siege Ram
Lord Housedrick
12:04 Feudal Age
17:49 Castle Age
15:37 Loom
16:33 Horse Collar
19:49 Loom
20:40 Wheelbarrow
19:52 Town Watch
21:14 Heavy Plow
22:32 Gold Mining
23:47 Hand Cart
24:53 Fletching
25:27 Stone Mining
30:19 Imperial Age
30:21 Scale Barding Armor
30:28 Forging
30:21 Manipur Cavalry
30:40 Bloodlines
30:31 Husbandry
30:29 Cavalier
32:29 Chain Barding Armor
32:45 Iron Casting
33:20 Conscription
33:53 Crop Rotation
34:09 Caravan
35:39 Plate Barding Armor
35:24 Masonry
36:13 Bodkin Arrow
37:42 Blast Furnace
36:16 Light Cavalry
41:32 Hussar
Connection lost

Rejoining the realm…

Still unreachable

The connection could not be restored.

Session expired

The server has moved on; the page needs a fresh start.